[Event "Titled Tuesday Blitz January 17 Early 2023"]
[White "Taboas Rodriguez, Daniel"]
[Black "Ohanyan, Emin"]
[WhiteFideId "2208466"]
[BlackFideId "13312022"]
[WhiteElo "2371"]
[BlackElo "2444"]
[Result "0-1"]
[Round "02"]
[TimeControl "180+2"]
[Date "2023.01.17"]
[WhiteClock "0:00:07"]
[BlackClock "0:00:33"]

1. d4 d5 2. Nf3 Nf6 3. c4 c6 4. cxd5 cxd5 5. Nc3 Nc6 6. Bf4 Bf5 7. e3 e6 8. Qb3 Bb4 9. Bb5 O-O 10. O-O Bxc3 11. Qxc3 Rc8 12. Rfc1 a6 13. Bxc6 Rxc6 14. Qe1 Qb6 15. Rxc6 bxc6 16. b4 Ra8 17. Rc1 h6 18. Ne5 a5 19. a3 axb4 20. axb4 Ne4 21. f3 Nd6 22. Rxc6 Qd8 23. g4 Bh7 24. h4 f6 25. Nd7 Qxd7 26. Rxd6 Qc8 27. Rb6 Bd3 28. h5 Kh7 29. Qd1 Qc3 30. Rc6 Qxc6 31. Qxd3+ Kh8 32. Bg3 Qc1+ 33. Kg2 Ra2+ 34. Bf2 Qe1 35. Qf1 Qxb4 36. Kg3 Qd2 37. Kg2 Kh7 38. Kg3 Rc2 39. Qg1 Rc1 40. Qg2 Qe2 41. Qh2 e5 42. dxe5 fxe5 43. Qg2 d4 44. exd4 Rd1 45. dxe5 Qxe5+ 46. f4 Rd3+ 0-1


[Site "https://www.chess.com"]

[Event "Titled Tuesday Blitz January 17 Early 2023"]
[White "Maximov, Dmitry"]
[Black "Dilanyan, Grigor"]
[WhiteFideId "14105659"]
[BlackFideId "13303570"]
[WhiteElo "2497"]
[BlackElo "2174"]
[Result "1-0"]
[Round "02"]
[TimeControl "180+2"]
[Date "2023.01.17"]
[WhiteClock "0:00:05"]
[BlackClock "0:00:03"]

1. e4 e5 2. Nf3 Nc6 3. Bb5 a6 4. Ba4 Nf6 5. O-O Nxe4 6. d4 b5 7. Bb3 d5 8. dxe5 Be6 9. Nbd2 Nc5 10. Qe2 d4 11. Bxe6 Nxe6 12. Ne4 Qd5 13. Ng3 h5 14. h4 g6 15. a4 Rd8 16. axb5 axb5 17. Bg5 Nxg5 18. Nxg5 Bg7 19. e6 f6 20. Nf7 Ke7 21. Rfe1 Bh6 22. Qd3 Ne5 23. Rxe5 fxe5 24. Qxg6 Qxe6 25. Nf5+ Kd7 26. Qxe6+ Kxe6 27. N5xh6 Rxh6 28. Nxd8+ Kd5 29. Nf7 Rc6 30. Ra5 Rxc2 31. Rxb5+ c5 32. f3 d3 33. Rb6 Kd4 34. Rd6+ Ke3 35. Nxe5 d2 36. Kh2 Ke2 37. f4 d1=Q 38. Rxd1 Kxd1 39. b3 Rc3 40. Nd7 Kc2 41. f5 Kxb3 42. f6 Rc4 43. f7 Rf4 44. f8=Q Rxf8 45. Nxf8 c4 46. Ne6 c3 47. Nd4+ Kc4 48. Ne2 c2 49. Kg3 Kd3 50. Kf2 Ke4 51. g3 Kd3 52. Kf3 Kd2 53. Kf2 Kd3 54. Nc1+ Kd2 55. Na2 Kd3 56. Kf3 Kd4 57. g4 hxg4+ 58. Kxg4 Ke5 59. Kg5 Ke6 60. Kg6 Kd5 61. h5 Kc4 62. h6 Kb3 63. Nc1+ Kc3 64. h7 Kb2 65. Ne2 Kb1 66. h8=Q Ka2 67. Qc3 Kb1 68. Qb4+ Ka2 69. Nc3+ Ka1 70. Qa3# 1-0


[Site "https://www.chess.com"]

[Event "Titled Tuesday Blitz January 17 Early 2023"]
[White "Omelja, Artem"]
[Black "Gareyev, Timur"]
[WhiteFideId "14119846"]
[BlackFideId "14200937"]
[WhiteElo "2446"]
[BlackElo "2617"]
[Result "1/2-1/2"]
[Round "02"]
[TimeControl "180+2"]
[Date "2023.01.17"]
[WhiteClock "0:00:35"]
[BlackClock "0:00:06"]

1. e4 c5 2. Nf3 g6 3. c3 d5 4. exd5 Qxd5 5. d4 Bg7 6. Be2 Nf6 7. dxc5 Qxc5 8. Be3 Qc7 9. O-O O-O 10. Bg5 Rd8 11. Qb3 Be6 12. Qa3 Nc6 13. Bh4 Nh5 14. Nbd2 Nf4 15. Bc4 Bxc4 16. Nxc4 Ne2+ 17. Kh1 Qf4 18. Ne3 Ne5 19. Bg3 Nxg3+ 20. hxg3 Qh6+ 21. Kg1 Nxf3+ 22. gxf3 e6 23. Rad1 Qg5 24. Kg2 Bf8 25. Qb3 Qe7 26. Rxd8 Rxd8 27. Rd1 Rxd1 28. Qxd1 Qc7 29. Qa4 h5 30. Qxa7 Bc5 31. Qa8+ Kg7 32. Qa4 Qd6 33. Qe4 b5 34. a4 bxa4 35. Qxa4 Bxe3 36. fxe3 Qd2+ 37. Kh3 Qxe3 38. Qd4+ Qxd4 39. cxd4 f6 40. g4 hxg4+ 41. Kxg4 Kf7 42. Kf4 Ke7 43. Ke4 Kd6 44. f4 Kc6 45. b4 Kb5 46. d5 exd5+ 47. Kxd5 Kxb4 48. Ke6 g5 49. fxg5 fxg5 50. Kf5 g4 51. Kxg4 1/2-1/2


[Site "https://www.chess.com"]

[Event "Titled Tuesday Blitz January 17 Early 2023"]
[White "Pultinevicius, Paulius"]
[Black "Golubev, Mikhail"]
[WhiteFideId "12809390"]
[BlackFideId "14100983"]
[WhiteElo "2537"]
[BlackElo "2461"]
[Result "1-0"]
[Round "02"]
[TimeControl "180+2"]
[Date "2023.01.17"]
[WhiteClock "0:00:20"]
[BlackClock "0:01:17"]

1. d4 Nf6 2. c4 g6 3. Nc3 Bg7 4. e4 d6 5. Be2 O-O 6. Be3 c5 7. d5 e6 8. Nf3 exd5 9. cxd5 b5 10. e5 dxe5 11. Bxb5 Re8 12. Bxe8 Qxe8 13. O-O Bg4 14. h3 Bh5 15. Re1 e4 16. Bg5 Nbd7 17. g4 Nxg4 18. hxg4 Bxg4 19. Rxe4 Ne5 20. Rxg4 Nxg4 21. Qa4 Qc8 22. Re1 Rb8 23. d6 Qf5 24. Re8+ Bf8 25. Rxb8 Qxf3 26. Qf4 1-0


[Site "https://www.chess.com"]

[Event "Titled Tuesday Blitz January 17 Early 2023"]
[White "Stribuk, Artiom"]
[Black "Fecker, Noah"]
[WhiteFideId "13515659"]
[BlackFideId "1334263"]
[WhiteElo "2378"]
[BlackElo "2388"]
[Result "1-0"]
[Round "02"]
[TimeControl "180+2"]
[Date "2023.01.17"]
[WhiteClock "0:01:33"]
[BlackClock "0:01:09"]

1. d4 Nf6 2. c4 c5 3. d5 b5 4. cxb5 g6 5. Nc3 a6 6. a4 axb5 7. Nxb5 Bb7 8. Nc3 Bg7 9. e4 O-O 10. Bd3 e6 11. dxe6 fxe6 12. Nf3 d5 13. exd5 exd5 14. O-O d4 15. Qb3+ Kh8 16. Qxb7 dxc3 17. Qxa8 Qxd3 18. bxc3 Ne4 19. Be3 Nxc3 20. Bxc5 Ne2+ 21. Kh1 Bxa1 22. Bxf8 Ng3+ 23. hxg3 Qxf1+ 24. Kh2 Qb1 25. Bd6 1-0


[Site "https://www.chess.com"]

[Event "Titled Tuesday Blitz January 17 Early 2023"]
[White "Skatchkov, Valery"]
[Black "Bacrot, Etienne"]
[WhiteFideId "24195812"]
[BlackFideId "605506"]
[WhiteElo "2167"]
[BlackElo "2667"]
[Result "1-0"]
[Round "02"]
[TimeControl "180+2"]
[Date "2023.01.17"]
[WhiteClock "0:00:06"]
[BlackClock "0:00:01"]

1. d4 Nf6 2. c4 e6 3. Nc3 d5 4. cxd5 exd5 5. Bg5 c6 6. e3 Be7 7. Bd3 O-O 8. Nf3 h6 9. Bf4 a5 10. Qc2 Na6 11. a3 Ne8 12. g4 Bxg4 13. Ne5 Bh5 14. Rg1 Kh8 15. Bxa6 Rxa6 16. Qf5 Nf6 17. Qh3 Kh7 18. Qf5+ g6 19. Qh3 Ra8 20. f3 Qc8 21. Qg2 Qf5 22. O-O-O b5 23. Nxc6 Bxa3 24. bxa3 Rfc8 25. Ne7 Rxc3+ 26. Kb2 Qe6 27. Kxc3 Qxe7 28. Kb2 b4 29. a4 Nd7 30. Rc1 Nb6 31. Rc7 Qe6 32. Kb3 Nc4 33. e4 dxe4 34. Rxc4 Bxf3 35. Qd2 Rc8 36. d5 Qd7 37. Rxc8 Qxc8 38. Rc1 Qd7 39. Rc7 Qf5 40. Qe3 Bd1+ 41. Kb2 Bxa4 42. d6 g5 43. Bg3 Qf6+ 44. Kb1 Qf1+ 45. Qe1 Qd3+ 46. Kc1 Qa3+ 47. Kd2 Qd3+ 48. Kc1 Qa3+ 49. Kb1 Qb3+ 50. Kc1 e3 51. Qe2 Qa3+ 52. Kb1 Qb3+ 53. Qb2 Qd3+ 54. Ka2 1-0


[Site "https://www.chess.com"]

[Event "Titled Tuesday Blitz January 17 Early 2023"]
[White "Harsh Suresh"]
[Black "Trent, Lawrence"]
[WhiteFideId "45018464"]
[BlackFideId "408638"]
[WhiteElo "2298"]
[BlackElo "2403"]
[Result "0-1"]
[Round "02"]
[TimeControl "180+2"]
[Date "2023.01.17"]
[WhiteClock "0:00:15"]
[BlackClock "0:00:02"]

1. e4 c5 2. Nc3 d6 3. f4 Nc6 4. Nf3 a6 5. Bc4 b5 6. Bd5 Bd7 7. O-O e6 8. Bxc6 Bxc6 9. d3 Nf6 10. Qe1 Be7 11. b3 b4 12. Ne2 a5 13. a4 bxa3 14. Bxa3 O-O 15. Nc3 Nd7 16. Bb2 Nb6 17. Qg3 f6 18. d4 d5 19. exd5 Nxd5 20. Nxd5 Bxd5 21. c4 Bb7 22. Rfd1 Qb6 23. Ba3 Qxb3 24. Bxc5 Bxc5 25. dxc5 Bxf3 26. gxf3 Rfd8 27. Rdc1 Qe3+ 28. Qf2 Qxf4 29. Re1 Rd2 30. Re2 Rxe2 31. Qxe2 Qd4+ 32. Kg2 Qxa1 33. Qxe6+ Kh8 34. Qd5 Rb8 35. c6 Rb2+ 36. Kh3 Qf1+ 37. Kg4 Qg2+ 38. Kf5 Qg6+ 39. Ke6 Qe8+ 40. Kd6 Qd8+ 41. Kc5 Qe7+ 42. Qd6 Qe3+ 43. Qd4 Qxd4+ 44. Kxd4 Rb8 45. Kc5 a4 46. c7 Rc8 47. Kd6 a3 48. Kd7 Rxc7+ 49. Kxc7 a2 50. c5 a1=Q 51. c6 Qe5+ 52. Kb7 Qxh2 53. f4 Qxf4 54. c7 Qxc7+ 55. Ka8 Qc8+ 56. Ka7 h5 57. Kb6 h4 58. Ka5 h3 59. Kb6 h2 60. Ka7 h1=Q 61. Kb6 Qb1+ 62. Ka5 Qa8# 0-1


[Site "https://www.chess.com"]

[Event "Titled Tuesday Blitz January 17 Early 2023"]
[White "Janaszak, Dawid"]
[Black "Krzyzanowski, Marcin"]
[WhiteFideId "1119206"]
[BlackFideId "1132199"]
[WhiteElo "2316"]
[BlackElo "2512"]
[Result "0-1"]
[Round "02"]
[TimeControl "180+2"]
[Date "2023.01.17"]
[WhiteClock "0:00:05"]
[BlackClock "0:00:20"]

1. e4 c5 2. Nc3 d6 3. d4 cxd4 4. Qxd4 Nc6 5. Qd2 g6 6. b3 Bh6 7. f4 f5 8. Bb2 Nf6 9. O-O-O fxe4 10. h3 O-O 11. Kb1 Bg7 12. g4 Be6 13. Bg2 d5 14. g5 Nh5 15. Nge2 Qa5 16. Nxd5 Qxd2 17. Rxd2 Bxd5 18. Rxd5 Nxf4 19. Nxf4 Rxf4 20. Re1 Raf8 21. Bxg7 Kxg7 22. Bxe4 Rf1 23. Rxf1 Rxf1+ 24. Kb2 Re1 25. Bd3 Ne5 26. a4 Re3 27. Bf1 b6 28. a5 Kf7 29. axb6 axb6 30. Rb5 Nd7 31. Bg2 Re5 32. Rxe5 Nxe5 33. Kc3 Ke6 34. Kb4 Kd6 35. Kb5 Kc7 36. c4 Nf7 37. h4 Nd6+ 38. Kb4 Nf5 39. c5 Nxh4 40. Bd5 Nf5 41. Bg8 h6 42. Bh7 hxg5 43. Bxg6 Nd4 44. Bh5 bxc5+ 45. Kc4 Kd6 46. b4 Ne6 47. bxc5+ Nxc5 48. Bg4 e5 49. Bf5 Ne6 50. Kd3 Nf4+ 51. Ke4 Nd5 52. Bg4 Nf6+ 0-1


[Site "https://www.chess.com"]

[Event "Titled Tuesday Blitz January 17 Early 2023"]
[White "Boros, Denes"]
[Black "Bethke, Richard"]
[WhiteFideId "722340"]
[BlackFideId "12959243"]
[WhiteElo "2406"]
[BlackElo "2382"]
[Result "0-1"]
[Round "02"]
[TimeControl "180+2"]
[Date "2023.01.17"]
[WhiteClock "0:00:01"]
[BlackClock "0:00:01"]

1. d4 Nf6 2. Nc3 d5 3. Nf3 c5 4. Bg5 Nc6 5. e3 a6 6. dxc5 e6 7. Bd3 Bxc5 8. O-O h6 9. Bh4 Be7 10. Qe2 O-O 11. Rad1 Ne4 12. Bxe7 Nxc3 13. bxc3 Qxe7 14. e4 Qc5 15. c4 dxc4 16. Bxc4 b5 17. Bb3 e5 18. Rd5 Qe7 19. Qe3 Bg4 20. h3 Bxf3 21. Qxf3 a5 22. c3 a4 23. Bc2 b4 24. Rfd1 bxc3 25. Qxc3 Nd4 26. Bd3 Rfc8 27. Qd2 a3 28. Kh1 Rab8 29. f4 Rb2 30. Qe1 Nc6 31. f5 Rxa2 32. Bb5 Nd4 33. Ba4 Qg5 34. Qf1 Rc3 35. Rxe5 Rxh3+ 36. gxh3 Qg3 37. Bc2 Rxc2 38. Re8+ Kh7 39. Qd3 Qh2# 0-1


[Site "https://www.chess.com"]

[Event "Titled Tuesday Blitz January 17 Early 2023"]
[White "Belov, Alexei"]
[Black "Seo, Jung Min"]
[WhiteFideId "4128206"]
[BlackFideId "1734687"]
[WhiteElo "2421"]
[BlackElo "2494"]
[Result "0-1"]
[Round "02"]
[TimeControl "180+2"]
[Date "2023.01.17"]
[WhiteClock "0:00:10"]
[BlackClock "0:00:59"]

1. e4 c5 2. Nf3 d6 3. d4 cxd4 4. Nxd4 Nf6 5. Nc3 a6 6. Be2 Nbd7 7. O-O g6 8. Be3 Bg7 9. f4 O-O 10. a4 Nc5 11. Bf3 Qc7 12. Qe2 e5 13. Nb3 Nxb3 14. cxb3 Be6 15. Rac1 Qe7 16. b4 exf4 17. Bxf4 Nd7 18. Qd2 Be5 19. Bh6 Rfc8 20. Rfd1 Nf6 21. Bg5 Rc4 22. Ne2 Rac8 23. Nf4 Qd7 24. Nxe6 Qxe6 25. b3 Rxc1 26. Rxc1 Rxc1+ 27. Qxc1 Qxb3 28. Qc8+ Kg7 29. Qxb7 Bd4+ 30. Kf1 Qb1+ 31. Ke2 Qc2+ 32. Ke1 Bc3+ 33. Kf1 Qb1+ 34. Kf2 Bxb4 35. Bd2 Bc5+ 36. Kg3 Qxb7 0-1


[Site "https://www.chess.com"]

[Event "Titled Tuesday Blitz January 17 Early 2023"]
[White "Samunenkov, Ihor"]
[Black "Hirneise, Jens"]
[WhiteFideId "14187086"]
[BlackFideId "24614734"]
[WhiteElo "2501"]
[BlackElo "2277"]
[Result "1-0"]
[Round "02"]
[TimeControl "180+2"]
[Date "2023.01.17"]
[WhiteClock "0:00:05"]
[BlackClock "0:00:13"]

1. e4 e5 2. Nf3 Nf6 3. Nxe5 d6 4. Nf3 Nxe4 5. Nc3 Nf6 6. d4 Be7 7. h3 O-O 8. Bd3 Re8 9. O-O Nbd7 10. Re1 Bf8 11. Rxe8 Qxe8 12. a4 a5 13. Bg5 c6 14. d5 Nxd5 15. Nxd5 cxd5 16. Bb5 Qe6 17. Qd4 Ne5 18. Qc3 Qg6 19. Bd2 Bf5 20. Nh4 Qf6 21. Nxf5 Qxf5 22. Qb3 d4 23. f4 Nc6 24. Bd3 Qd7 25. Re1 g6 26. Qd5 Re8 27. Rxe8 Qxe8 28. Bb5 Qc8 29. b3 Nb4 30. Bxb4 axb4 31. Bc4 Qc7 32. Qxd4 Bg7 33. Qe4 Bf6 34. Kh2 g5 35. Bd5 gxf4 36. Qf5 Kg7 37. Qg4+ Kf8 38. Qh5 Qc3 39. Qxh7 Qc7 40. Qe4 Qe7 41. Qf3 Qe5 42. Bxb7 Bh4 43. Be4 Bg3+ 44. Kh1 f5 45. Bd3 Qe1+ 46. Qf1 Qxf1+ 47. Bxf1 Ke7 48. Bd3 Ke6 49. Kg1 Kd5 50. Bxf5 Kc5 51. Kf1 Kb6 52. Ke2 1-0


[Site "https://www.chess.com"]

[Event "Titled Tuesday Blitz January 17 Early 2023"]
[White "Al-Tarboush, Ward"]
[Black "Urazayev, Arystanbek"]
[WhiteFideId "7601450"]
[BlackFideId "13709810"]
[WhiteElo "2256"]
[BlackElo "2460"]
[Result "0-1"]
[Round "02"]
[TimeControl "180+2"]
[Date "2023.01.17"]
[WhiteClock "0:01:29"]
[BlackClock "0:02:34"]

1. e4 c5 2. Nf3 e6 3. d4 cxd4 4. Nxd4 Nf6 5. Nc3 Nc6 6. Bf4 Bb4 7. Nb5 Nxe4 8. Nc7+ Kf8 9. Nxa8 Nxc3 10. Bd6+ Kg8 11. Qd2 Ne4 12. Qxb4 Nxb4 13. Bxb4 b6 14. f3 Qh4+ 15. g3 Nxg3 16. hxg3 Qxb4+ 17. Kf2 Bb7 0-1


[Site "https://www.chess.com"]

[Event "Titled Tuesday Blitz January 17 Early 2023"]
[White "Bernadskiy, Vitaliy"]
[Black "Garakov, Mikhael"]
[WhiteFideId "14100371"]
[BlackFideId "4169034"]
[WhiteElo "2592"]
[BlackElo "2447"]
[Result "1-0"]
[Round "02"]
[TimeControl "180+2"]
[Date "2023.01.17"]
[WhiteClock "0:00:46"]
[BlackClock "0:00:02"]

1. d4 c5 2. Nf3 cxd4 3. Nxd4 Nc6 4. c4 g6 5. e4 Bg7 6. Be3 Nf6 7. Nc3 Ng4 8. Qxg4 Nxd4 9. Qd1 Ne6 10. Qd2 d6 11. Be2 O-O 12. O-O b6 13. f3 Bb7 14. Rfd1 Rc8 15. Rac1 f5 16. exf5 gxf5 17. Nd5 Qe8 18. Re1 Qf7 19. Bf1 Rfe8 20. b4 Nf8 21. Nf4 e5 22. Nh3 Rcd8 23. Bg5 Rd7 24. Qc2 Qg6 25. Qb3 Rf7 26. Bh4 Ne6 27. Bf2 e4 28. fxe4 Bxe4 29. Qg3 Be5 30. Qxg6+ hxg6 31. Be3 f4 32. Bxb6 Bf5 33. Bf2 Bxh3 34. gxh3 Nd4 35. Bxd4 Bxd4+ 36. Kh1 Be3 37. c5 Rd8 38. Rcd1 Rfd7 39. Bb5 Rb7 40. Bc4+ 1-0


[Site "https://www.chess.com"]

[Event "Titled Tuesday Blitz January 17 Early 2023"]
[White "Salman, Pavel"]
[Black "Rakhmanov, Aleksandr"]
[WhiteFideId "24153753"]
[BlackFideId "4173708"]
[WhiteElo "2287"]
[BlackElo "2632"]
[Result "0-1"]
[Round "02"]
[TimeControl "180+2"]
[Date "2023.01.17"]
[WhiteClock "0:00:03"]
[BlackClock "0:00:08"]

1. Nf3 d5 2. g3 c6 3. Bg2 Bg4 4. O-O Nd7 5. d3 e6 6. h3 Bxf3 7. Bxf3 Bd6 8. e4 Ne7 9. Bg2 O-O 10. Nc3 a5 11. a4 Qb6 12. Kh1 Rad8 13. Qe2 Rfe8 14. f4 Bc5 15. Nd1 dxe4 16. dxe4 e5 17. f5 Nc8 18. Bg5 f6 19. Bd2 Nd6 20. b3 Nf7 21. Ne3 Bb4 22. Nc4 Qa6 23. Bxb4 axb4 24. Qe3 b6 25. Rfd1 Qb7 26. a5 b5 27. a6 Qc7 28. Nb2 Ra8 29. Bf1 Ra7 30. Nd3 c5 31. Nf2 Rb8 32. h4 Rb6 33. g4 Qc6 34. g5 Rbxa6 35. Rxa6 Rxa6 36. g6 Nd6 37. gxh7+ Kh8 38. Kh2 c4 39. bxc4 bxc4 40. Rd5 Nf8 41. Qd2 c3 42. Qd3 Rb6 43. Ng4 b3 44. cxb3 c2 45. Rxd6 Qxd6 46. Qxc2 Qd4 47. Bc4 Rd6 48. Nf2 Qd2 49. Qxd2 Rxd2 50. Kg3 Kxh7 51. Nd3 Nd7 52. Nb4 Nb6 53. Nd5 Nxc4 54. bxc4 Rc2 55. Ne3 Rc3 56. Kf2 Kh6 57. Ke2 Kh5 58. Kd2 Ra3 59. c5 Kxh4 60. c6 Ra6 61. c7 Rc6 62. Nd5 Kg4 63. Ke3 Kg3 64. Ke2 Kh4 65. Kf3 Kh5 66. Kg3 Rc5 67. Kf3 Kg5 68. Kg3 Kh6 69. Kg4 Rc4 70. Kf3 Kg5 71. Kg3 Rc1 72. Kf3 Kh4 73. Ke3 Kg3 74. Kd3 Rc5 75. Ke3 Kg2 76. Ke2 Rc6 77. Ke3 Kf1 78. Kf3 Ke1 79. Ke3 Rc5 80. Kf3 Kd2 81. Kf2 Kd3 82. Kf3 Rc4 83. Kg4 Kxe4 84. Ne7 Rxc7 85. Ng6 Rc1 86. Kh5 Rg1 87. Nh4 Kd5 88. Nf3 Rf1 89. Nh2 Rxf5+ 90. Kg6 Rf2 91. Ng4 Rg2 92. Kf5 Rxg4 0-1


[Site "https://www.chess.com"]

[Event "Titled Tuesday Blitz January 17 Early 2023"]
[White "Boruchovsky, Avital"]
[Black "Fiorito, Francisco"]
[WhiteFideId "2800055"]
[BlackFideId "180165"]
[WhiteElo "2539"]
[BlackElo "2305"]
[Result "1-0"]
[Round "02"]
[TimeControl "180+2"]
[Date "2023.01.17"]
[WhiteClock "0:00:20"]
[BlackClock "0:00:14"]

1. b3 Nf6 2. Bb2 d5 3. Nf3 c5 4. d4 cxd4 5. Nbd2 g6 6. Nxd4 Bg7 7. c4 O-O 8. e3 Nc6 9. Be2 Re8 10. Nxc6 bxc6 11. Nf3 Bf5 12. O-O Qa5 13. Qc1 Rac8 14. Bc3 Qb6 15. Qb2 Bh6 16. Bd4 Qb7 17. Rac1 Ne4 18. cxd5 cxd5 19. Nd2 Nxd2 20. Qxd2 e5 21. Rxc8 Qxc8 22. Bxa7 d4 23. Qb4 Qa8 24. Bc5 Qxa2 25. Bb5 Rb8 26. exd4 Bd3 27. Qa4 Qxa4 28. bxa4 Bxf1 29. Kxf1 exd4 30. Bxd4 Bd2 31. Ke2 Ba5 32. Kd3 Rc8 33. h3 Kf8 34. Bf6 Bb6 35. f3 h5 36. Bc3 Rb8 37. Kc4 Rc8+ 38. Kb3 Ra8 39. Bb4+ Kg7 40. Kc4 Kf6 41. Kd5 Rc8 42. a5 Ba7 43. a6 Kf5 44. Bd7+ 1-0


[Site "https://www.chess.com"]

[Event "Titled Tuesday Blitz January 17 Early 2023"]
[White "Lagno, Kateryna"]
[Black "ArchibaldCerveza29"]
[WhiteFideId "14109336"]
[WhiteElo "2558"]
[BlackElo "2547"]
[Result "0-1"]
[Round "02"]
[TimeControl "180+2"]
[Date "2023.01.17"]
[WhiteClock "0:00:19"]
[BlackClock "0:00:05"]

1. e4 e5 2. Nf3 Nc6 3. Bb5 g6 4. h4 h6 5. h5 g5 6. d4 exd4 7. Nxd4 Nge7 8. Nc3 Bg7 9. Be3 a6 10. Bc4 d6 11. Qd2 Ne5 12. Bb3 b5 13. Nd5 c5 14. Nxe7 cxd4 15. Bxg5 hxg5 16. Qxg5 Qxe7 17. Qxg7 Qf8 18. h6 Be6 19. Bxe6 fxe6 20. Qb7 Rd8 21. O-O-O Rxh6 22. Qxa6 Qh8 23. Qxb5+ Ke7 24. Rxh6 Qxh6+ 25. Kb1 Rd7 26. a4 d3 27. cxd3 Qf4 28. f3 Qe3 29. d4 Ng6 30. Rd3 Qe1+ 31. Ka2 Qh4 32. a5 Nf4 33. Ra3 Qe1 34. a6 Ne2 35. Ra4 Nc1+ 36. Ka3 Ne2 37. a7 Qa1+ 38. Kb3 Qd1+ 39. Ka2 Nc1+ 40. Ka3 Nd3 41. a8=Q Qa1+ 42. Kb3 Qxb2+ 43. Kc4 Qc2# 0-1


[Site "https://www.chess.com"]

[Event "Titled Tuesday Blitz January 17 Early 2023"]
[White "Schekachikhin, Maksim"]
[Black "Rustemov, Alexander"]
[WhiteFideId "24177830"]
[BlackFideId "4119002"]
[WhiteElo "2371"]
[BlackElo "2525"]
[Result "0-1"]
[Round "02"]
[TimeControl "180+2"]
[Date "2023.01.17"]
[WhiteClock "0:00:35"]
[BlackClock "0:01:05"]

1. Nf3 d5 2. b3 c6 3. Bb2 Bf5 4. d3 e6 5. Nbd2 h6 6. g3 Nf6 7. Bg2 Be7 8. Ne5 Nbd7 9. e4 Bh7 10. Nxd7 Qxd7 11. Qe2 O-O 12. e5 Ne8 13. O-O Nc7 14. f4 a5 15. a4 Na6 16. g4 Nb4 17. Nf3 c5 18. Rad1 d4 19. Kh1 Nd5 20. Bc1 Nc3 21. Qf2 Nxd1 22. Rxd1 Rae8 23. Re1 f6 24. Qg3 Bd8 25. exf6 gxf6 26. g5 Qg7 27. Rg1 Kh8 28. Qh3 fxg5 29. fxg5 hxg5 30. Nxg5 Bxg5 31. Be4 Qh6 32. Qxh6 Bxh6 33. Bxh6 Bxe4+ 34. dxe4 Rg8 0-1


[Site "https://www.chess.com"]

[Event "Titled Tuesday Blitz January 17 Early 2023"]
[White "Turzo, Attila"]
[Black "Kilic, Eray"]
[WhiteFideId "704954"]
[BlackFideId "44517173"]
[WhiteElo "2279"]
[BlackElo "2414"]
[Result "0-1"]
[Round "02"]
[TimeControl "180+2"]
[Date "2023.01.17"]
[WhiteClock "0:00:13"]
[BlackClock "0:00:15"]

1. d4 Nf6 2. Bf4 g6 3. Nc3 d5 4. Nb5 Na6 5. e3 Bg7 6. Nf3 O-O 7. h3 c6 8. Nc3 c5 9. Ne5 cxd4 10. exd4 Nc7 11. Be2 Ne4 12. Nxe4 dxe4 13. O-O Nd5 14. Bg3 e3 15. c4 exf2+ 16. Bxf2 Nf4 17. Bf3 Ne6 18. Qd2 Bxe5 19. d5 Bg7 20. Rad1 Nc7 21. b4 Bf5 22. c5 Rc8 23. Rfe1 a5 24. a3 Nb5 25. d6 exd6 26. Bxb7 Rb8 27. c6 Qc7 28. a4 Nc3 29. b5 Nxd1 30. b6 Qd8 31. c7 Qd7 32. cxb8=Q Rxb8 33. Rxd1 Qxb7 34. Qxa5 Ra8 35. Qb5 Bd7 36. Qd5 Bc6 37. Qxd6 Bxa4 38. Rc1 Bf8 39. Qf6 Rc8 40. Bd4 Rxc1+ 41. Kh2 Bd6+ 42. Be5 Bxe5+ 43. Qxe5 Qxb6 44. Qf4 Qc7 0-1


[Site "https://www.chess.com"]

[Event "Titled Tuesday Blitz January 17 Early 2023"]
[White "Ibadov, Dashgyn"]
[Black "Murzin, Volodar"]
[WhiteFideId "24107514"]
[BlackFideId "44155573"]
[WhiteElo "2391"]
[BlackElo "2604"]
[Result "0-1"]
[Round "02"]
[TimeControl "180+2"]
[Date "2023.01.17"]
[WhiteClock "0:00:05"]
[BlackClock "0:00:44"]

1. e4 c5 2. Nf3 d6 3. d4 cxd4 4. Nxd4 Nf6 5. Nc3 a6 6. Bg5 Nbd7 7. f4 Qc7 8. Qf3 h6 9. Bxf6 Nxf6 10. f5 Qc5 11. O-O-O g5 12. fxg6 Bg4 13. gxf7+ Kxf7 14. Qd3 Bxd1 15. Nxd1 e6 16. g3 Bg7 17. Bh3 Rhe8 18. Ne3 Re7 19. Rf1 Rae8 20. Kb1 Kg8 21. Rd1 Nd7 22. Nxe6 Rxe6 23. Qb3 Nf8 24. Nd5 Qb5 25. Qxb5 axb5 26. Bxe6+ Nxe6 27. a3 Nc5 28. Nf4 Nxe4 29. c3 Bxc3 30. Rd5 b4 31. axb4 Be5 32. Rb5 Bxf4 33. gxf4 Re7 34. Kc2 Kg7 35. Kd3 Nf6 36. f5 Rc7 37. Rb6 Rd7 38. Kd4 Kf7 39. h4 Ke7 40. Rb5 Rc7 41. Ra5 Kd7 42. Ra8 Rc8 43. Ra7 Kc7 44. Ra3 Re8 45. Rg3 Re4+ 46. Kc3 Rxh4 47. Rg7+ Kc6 48. Rg6 Nd5+ 49. Kb3 Rxb4+ 50. Ka3 Rf4 51. Rxh6 Rxf5 0-1


[Site "https://www.chess.com"]

[Event "Titled Tuesday Blitz January 17 Early 2023"]
[White "Bagwe Gaurang"]
[Black "Arjun, Kalyan"]
[WhiteFideId "45039895"]
[BlackFideId "35018701"]
[WhiteElo "2067"]
[BlackElo "2516"]
[Result "0-1"]
[Round "02"]
[TimeControl "180+2"]
[Date "2023.01.17"]
[WhiteClock "0:01:10"]
[BlackClock "0:02:25"]

1. e4 c5 2. Nf3 d6 3. d4 cxd4 4. Nxd4 Nf6 5. Nc3 Nc6 6. Bg5 e6 7. Qd2 a6 8. f4 h6 9. Bh4 Nxe4 10. Nxe4 Qxh4+ 11. g3 Qd8 12. O-O-O d5 13. Nxc6 bxc6 14. f5 Be7 15. fxe6 Bxe6 16. Nc3 Bg5 0-1


[Site "https://www.chess.com"]

[Event "Titled Tuesday Blitz January 17 Early 2023"]
[White "Concio, Michael Jr."]
[Black "Kamalidenova, Meruert"]
[WhiteFideId "5217873"]
[BlackFideId "13712802"]
[WhiteElo "2395"]
[BlackElo "2350"]
[Result "1-0"]
[Round "02"]
[TimeControl "180+2"]
[Date "2023.01.17"]
[WhiteClock "0:00:05"]
[BlackClock "0:00:21"]

1. e4 c5 2. Ne2 d6 3. Nbc3 Nf6 4. g3 Nc6 5. Bg2 g6 6. O-O Bg7 7. d3 O-O 8. h3 Rb8 9. Be3 b5 10. a3 a5 11. Qd2 e6 12. Bh6 b4 13. axb4 axb4 14. Nd1 d5 15. Bxg7 Kxg7 16. exd5 exd5 17. Ne3 Be6 18. Nf4 Qd7 19. Rfe1 Nd4 20. Kh2 Rfd8 21. Ra6 Rb7 22. Nxe6+ fxe6 23. Ng4 Nxg4+ 24. hxg4 Rf8 25. f4 h5 26. c3 bxc3 27. bxc3 Nb3 28. Qe3 hxg4 29. Rxe6 Rf5 30. Qe2 Ra7 31. Qxg4 Qf7 32. Kg1 c4 33. dxc4 dxc4 34. R1e5 Rxe5 35. Rxe5 Rd7 36. f5 Nc1 37. fxg6 Qf6 38. Qxd7+ Kxg6 39. Re6 1-0


[Site "https://www.chess.com"]

[Event "Titled Tuesday Blitz January 17 Early 2023"]
[White "Karthik Rajaa"]
[Black "Goldin, Alexander"]
[WhiteFideId "25035215"]
[BlackFideId "2019540"]
[WhiteElo "2276"]
[BlackElo "2542"]
[Result "1/2-1/2"]
[Round "02"]
[TimeControl "180+2"]
[Date "2023.01.17"]
[WhiteClock "0:00:12"]
[BlackClock "0:00:11"]

1. e4 e5 2. Nf3 Nc6 3. Bc4 Be7 4. Nc3 Nf6 5. d3 d6 6. h3 Na5 7. Bb3 c6 8. O-O O-O 9. Bg5 h6 10. Bh4 Nxb3 11. axb3 Qc7 12. Re1 Re8 13. d4 Be6 14. Bg3 Nd7 15. Ne2 a6 16. c4 exd4 17. Nexd4 Bf8 18. Nxe6 fxe6 19. b4 e5 20. Nh4 Nf6 21. Nf5 g6 22. Nh4 Qf7 23. b3 Rad8 24. Nf3 Kh7 25. Qc2 Nh5 26. Bh2 Nf4 27. Bxf4 Qxf4 28. Nd2 h5 29. Re3 Qf7 30. Nf1 Bh6 31. Rf3 Qe7 32. Rd1 Rf8 33. Rdd3 Rxf3 34. Rxf3 Rf8 35. Rxf8 Qxf8 36. Qd3 Qe7 37. g3 h4 38. gxh4 Qxh4 39. Kg2 Qe7 40. Ne3 Bxe3 41. Qxe3 Qf6 42. Qf3 Kg7 43. Qg4 Kh6 44. Qc8 Qg5+ 45. Kf1 Qc1+ 46. Kg2 Qg5+ 47. Kf1 Qc1+ 48. Kg2 Qg5+ 1/2-1/2


[Site "https://www.chess.com"]

[Event "Titled Tuesday Blitz January 17 Early 2023"]
[White "surrenderPLS"]
[Black "Riehle, Marco"]
[BlackFideId "12904392"]
[WhiteElo "2491"]
[BlackElo "2368"]
[Result "0-1"]
[Round "02"]
[TimeControl "180+2"]
[Date "2023.01.17"]
[WhiteClock "0:00:15"]
[BlackClock "0:01:23"]

1. e4 e5 2. Nf3 Nf6 3. d4 Nxe4 4. Bd3 Nc6 5. Nxe5 Nxe5 6. dxe5 Nc5 7. Bc4 d6 8. exd6 Bxd6 9. O-O O-O 10. h3 Qh4 11. Bd5 c6 12. Bf3 Rd8 13. Re1 Bxh3 14. gxh3 Bh2+ 15. Kxh2 Qxf2+ 16. Bg2 Rxd1 17. Rxd1 Ne4 18. Rd3 Qxc2 19. Nc3 Qxd3 20. Bxe4 Qd6+ 21. Kg2 Re8 22. Be3 Rxe4 23. Nxe4 Qd5 0-1


[Site "https://www.chess.com"]